cohdb
Replays
Latest Replays
All Replays
Popular Replays
Top Player Replays
Match Explorer
How It Works
Community
CoH3 Stats
Reddit
Sign in to upload your games and track your stats! →
Sign in with Steam
Match 42909300
Unlisted
Match 42909300
Overview
Messages
Build Orders
End
Construct Section Command Post
Royal Engineer Section
Selects Indian Artillery Battlegroup
Infantry Section
Infantry Section
ML 3-inch Mortar Team
Construct Platoon Command Post
Selects Artillery Saturation
Unlock Bishop Self-propelled Artillery
Selects Off-map Airburst Barrage
Vickers Machine Gun Team
Bishop Self-propelled Artillery
Off-map Airburst Barrage
6-pounder Anti-tank Gun Team
CMP 15cwt Truck
Selects BL5.5 Artillery Emplacement
Extrao =D
Leary29
Futurn
microsoftboy
Flare
Valar[M]orgHulis
JBoss
ロイヤルメイド長ベル
0
0
Comments
sign in to comment!
No comments posted yet!